 Dungeon Crawl Stone Soup version 0.25.1-2-g60ff931df9 (webtiles) character file.

Game seed: 10773230331376284770

125058 zhorgal the Severer (level 16, 0/150 HPs)
             Began as a Minotaur Berserker on Sept 27, 2020.
             Was the Champion of Trog.
             Slain by a shambling mangrove (24 damage)
             ... on level 3 of the Swamp on Sept 28, 2020.
             The game lasted 01:33:50 (31475 turns).

zhorgal the Severer (Minotaur Berserker)           Turns: 31475, Time: 01:33:50

Health: 0/150      AC: 26    Str: 29    XL:     16   Next: 40%
Magic:  0/22       EV: 10    Int: 11    God:    Trog [******]
Gold:   1946       SH:  0    Dex: 10    Spells: 15/15 levels left

rFire    . . .     SeeInvis .   X - +8 executioner's axe of Sufe {flame, *Rage Int+7}
rCold    + . .     Gourm    .   (shield currently unavailable)
rNeg     . . .     Faith    .   B - +2 plate armour {rC+}
rPois    +         Spirit   +   (helmet restricted)
rElec    .         Reflect  .   n - +1 cloak {rCorr}
rCorr    +         Harm     .   P - +0 pair of gloves
MR       +....     Rnd*Rage +   k - +1 pair of boots
Stlth    ..........             e - amulet of guardian spirit
HPRegen  0.35/turn              x - ring of poison resistance
MPRegen  0.18/turn              (no ring)

@: grasped by roots, constricted
A: retaliatory headbutt, horns 2
a: Berserk, Trog's Hand, Brothers in Arms, Renounce Religion


You were on level 3 of the Swamp.
You worshipped Trog.
Trog was exalted by your worship.
You were near starving.

You visited 4 branches of the dungeon, and saw 26 of its levels.
You also visited: Ossuary.

You collected 2982 gold pieces.
You spent 1036 gold pieces at shops.

Inventory:

Hand Weapons
 d - a +4 antimagic battleaxe
 p - a +3 battleaxe of flaming
 Q - a +6 vorpal executioner's axe
 X - the +8 executioner's axe of Sufe (weapon) {flame, *Rage Int+7}
   (Trog gifted it to you on level 4 of the Lair of Beasts)

   It has been specially enchanted to burn those struck by it, causing extra
   injury to most foes and up to half again as much damage against particularly
   susceptible opponents.
   Big, fiery blades are also staple armaments of hydra-hunters.
   It affects your intelligence (+7).
   It may make you go berserk in combat.
Missiles
 f - 95 poisoned darts (quivered)
 r - 7 boomerangs
 T - 4 throwing nets
Armour
 k - a +1 pair of boots (worn)
 n - a +1 cloak of preservation (worn)
 B - a +2 plate armour of cold resistance (worn)
 M - a +0 kite shield of reflection
 P - a +0 pair of gloves (worn)
Jewellery
 e - an amulet of guardian spirit (around neck)
 g - the ring "Azocwat" {Wiz MR+ Int+4}
   (You took it off a hell knight on level 15 of the Dungeon)

   [ring of wizardry]

   It improves your spell success rate.
   It affects your intelligence (+4).
   It affects your resistance to hostile enchantments.
 h - an uncursed ring of protection from cold
 j - the ring of Moderation {rF+ rN+ SInv}
   (You acquired it on level 6 of the Lair of Beasts)

   [ring of protection from fire]

   It protects you from fire.
   It protects you from negative energy.
   It lets you see invisible.
 s - an uncursed amulet of the acrobat
 x - a ring of poison resistance (left hand)
 N - an uncursed ring of resist corrosion
Wands
 a - a wand of flame (48)
 l - a wand of iceblast (4)
 u - a wand of digging (7)
 J - a wand of polymorph (17)
 O - a wand of acid (47)
 S - a wand of disintegration (5)
 Y - a wand of enslavement (11)
 Z - a wand of paralysis (14)
Scrolls
 o - 4 scrolls of immolation
 q - 10 scrolls of remove curse
 t - 2 scrolls of magic mapping
 v - 17 scrolls of teleportation
 y - 4 scrolls of enchant armour
 z - a scroll of fog
 D - 4 scrolls of enchant weapon
 G - 5 scrolls of fear
 I - a scroll of blinking
 R - 9 scrolls of identify
Potions
 b - 11 potions of heal wounds
 i - 14 potions of curing
 m - 14 potions of haste
 w - 3 potions of cancellation
 A - 2 potions of magic
 C - 4 potions of lignification
 E - 8 potions of flight
 F - 3 potions of invisibility
 H - a potion of resistance
 L - 2 potions of might
 W - 2 potions of ambrosia
Miscellaneous
 K - a box of beasts
 V - a tin of tremorstones (3/3)
Comestibles
 c - 43 rations


   Skills:
 + Level 15.7 Fighting
 + Level 19.8 Axes
 + Level 15.5 Armour
 + Level 12.4 Dodging
 - Level 10.0 Evocations


You had 15 spell levels left.
You didn't know any spells.
Your spell library contained the following spells:

 Spells                   Type           Power        Failure   Level  Hunger
 Beastly Appendage        Tmut           #.....       89%         1    ##.....
 Freeze                   Ice            #...         89%         1    ##.....
 Magic Dart               Conj           #...         89%         1    ##.....
 Sandblast                Erth           #.....       89%         1    ##.....
 Shock                    Conj/Air       #...         89%         1    ##.....
 Summon Small Mammal      Summ           #...         89%         1    ##.....
 Blink                    Tloc           N/A          96%         2    ###....
 Call Imp                 Summ           #.......     96%         2    ###....
 Passwall                 Tmut/Erth      #.......     96%         2    ###....
 Searing Ray              Conj           #.....       96%         2    ###....
 Slow                     Hex            #.......     96%         2    ###....
 Sticks to Snakes         Tmut           #.......     96%         2    ###....
 Swiftness                Chrm/Air       #.......     96%         2    ###....
 Call Canine Familiar     Summ           #.......     99%         3    ####...
 Confusing Touch          Hex            #.......     99%         3    ####...
 Conjure Flame            Conj/Fire      #.......     99%         3    ####...
 Dazzling Flash           Conj/Hex       #.....       99%         3    ####...
 Frozen Ramparts          Ice            #.....       99%         3    ####...
 Gell's Gravitas          Tloc           #.........   99%         3    ####...
 Mephitic Cloud           Conj/Pois/Air  #.......     99%         3    ####...
 Ozocubu's Armour         Chrm/Ice       #.......     99%         3    ####...
 Spectral Weapon          Hex/Chrm       #.......     99%         3    ####...
 Spider Form              Tmut/Pois      #.........   99%         3    ####...
 Stone Arrow              Conj/Erth      #.....       99%         3    ####...
 Summon Guardian Golem    Hex/Summ       #.......     99%         3    ####...
 Fulminant Prism          Conj/Hex       #.........   100%        4    #####..
 Hailstorm                Conj/Ice       #.......     100%        4    #####..
 Ice Form                 Ice/Tmut       #.......     100%        4    #####..
 Iskenderun's Mystic Bla  Conj/Tloc      #.......     100%        4    #####..
 Leda's Liquefaction      Hex/Erth       #.........   100%        4    #####..
 Petrify                  Tmut/Erth      #.......     100%        4    #####..
 Sticky Flame             Conj/Fire      #.......     100%        4    #####..
 Summon Ice Beast         Ice/Summ       #.......     100%        4    #####..
 Summon Lightning Spire   Summ/Air       #.......     100%        4    #####..
 Blade Hands              Tmut           #.........   100%        5    ######.
 Bolt of Magma            Conj/Fire/Erth #.........   100%        5    ######.
 Excruciating Wounds      Chrm/Necr      #.........   100%        5    ######.
 Irradiate                Conj/Tmut      #.........   100%        5    ######.
 Lee's Rapid Deconstruct  Erth           #.........   100%        5    ######.
 Metabolic Englaciation   Hex/Ice        #.........   100%        5    ######.
 Silence                  Hex/Air        #.........   100%        5    ######.
 Yara's Violent Unravell  Hex/Tmut       #.........   100%        5    ######.
 Hydra Form               Tmut           #.........   100%        6    #######
 Iron Shot                Conj/Erth      #.........   100%        6    #######
 Ozocubu's Refrigeration  Ice            #.........   100%        6    #######
 Starburst                Conj/Fire      #.........   100%        6    #######
 Statue Form              Tmut/Erth      #........    100%        6    #######
 Dragon Form              Tmut           #.........   100%        7    #######
 Shatter                  Erth           #.........   100%        9    #######


Dungeon Overview and Level Annotations

Branches:
Dungeon (15/15)            Temple (0/1) D:4            Lair (6/6) D:10
  Swamp (3/4) Lair:3       Spider (0/4) Lair:2        Slime (0/5) Lair:6
    Orc (2/2) D:9             Elf (0/3) Orc:2        Vaults (0/5) D:14
 Depths (0/5) D:15        Ossuary (visited)

Altars:
Ashenzari
Dithmenos
Fedhas
Kikubaaqudgha
Makhleb
Nemelex Xobeh
Okawaru
Ru
Trog
The Shining One
Jiyva

Shops:
D:7 (   D:12 (=*   Orc:2 !(!?

Annotations:
Lair:2 exclusion: oklob plant
Lair:6 1 runed translucent door


Innate Abilities, Weirdness & Mutations

You reflexively headbutt those who attack you in melee.
You have a pair of horns on your head.


Message History

The two-headed hydra bites you but does no damage.
The spriggan rider hits you from afar with a +0 spear!
* * * LOW HITPOINT WARNING * * *
The spriggan rider hits you but does no damage.
The insubstantial wisp thrums sharply.
You are struck by an arc of lightning.
The spriggan rider is struck by an arc of lightning!!
The spriggan rider is struck by an arc of lightning!
The tyrant leech is struck by an arc of lightning!
The spriggan rider is struck by an arc of lightning.
The lightning grounds out.
The shambling mangrove is struck by an arc of lightning!
The lightning grounds out.
The insubstantial wisp hits you.
* * * LOW HITPOINT WARNING * * *
The spriggan rider hits you from afar with a +0 spear.
* * * LOW HITPOINT WARNING * * *
The spriggan rider hits you from afar with a +0 spear.
* * * LOW HITPOINT WARNING * * *
The shambling mangrove hits you!!
You die...

≈≈♣ . ♣♣ ≈.♣ ..
♣♣.♣♣≈.♣
≈..♣.≈....♣♣
≈..≈≈≈v.§..♣♣♣♣
≈.≈≈≈≈..≈≈...≈≈
≈...§vDv≈≈≈.♣
≈.≈≈≈≈♣@♣≈..♣
..≈D≈ivfw≈≈♣
§≈.≈..wiii.♣
≈♣♣..≈≈≈.≈≈....
♣.≈≈≈..≈...♣≈
♣♣≈≈≈§≈≈...≈≈
♣♣...≈...≈≈♣
♣≈§.♣.♣≈≈..
♣♣≈≈....≈.≈


You could see a shambling mangrove, a six-headed hydra, a two-headed hydra, a
tyrant leech, 4 spriggan riders, a swamp worm and 4 insubstantial wisps.

Vanquished Creatures
  Rupert (D:13)
  Jorgrun (D:15)
  Kirke (D:15)
  A frost giant (D:15)
  2 fire giants (D:15)
  A stone giant (Orc:2)
  Azrael (D:15)
  A fire dragon (Lair:6)
  Harold (Orc:1)
  A vault guard (D:14)
  6 alligators
  4 hydras
  A shambling mangrove (Swamp:1)
  4 centaur warriors
  13 two-headed ogres
  2 tengu warriors (D:15)
  10 death yaks (Lair:6)
  2 ogre magi
  Nergalle (Orc:1)
  A deep elf knight (D:14)
  A hell knight (D:15)
  2 deep trolls
  2 unseen horrors (D:13)
  A wizard (D:14)
  A lindwurm (Lair:6)
  3 swamp dragons
  Pikel (D:4)
  An orb spider (Lair:2)
  An orc sorcerer (Orc:1)
  2 deep elf magi
  15 ugly things
  2 orc knights
  2 manticores
  An oklob plant (Lair:5)
  3 cyclopes
  5 black mambas (Lair:6)
  Maurice (D:13)
  3 molten gargoyles (Lair:6)
  4 centaur zombies
  17 spiny frogs
  3 gargoyles
  15 rime drakes
  An efreet (D:15)
  2 kobold demonologists
  10 komodo dragons
  A yaktaur (D:14)
  A queen bee (D:11)
  A jumping spider (shapeshifter) (D:15)
  A tengu conjurer (D:15)
  9 trolls
  5 hornets
  7 tyrant leeches
  The ghost of Tobisume the Poker, an amateur DsGl of Qazlal (D:5)
  2 bog bodies
  13 hippogriffs
  A polar bear (Lair:4)
  Prince Ribbit (D:8)
  24 blink frogs
  A meliai zombie (D:12)
  15 slime creatures
  2 shadows
  A vampire (D:14)
  3 spriggans (Swamp:2)
  6 wyverns
  A human (shapeshifter) (D:15)
  2 fire elementals (D:15)
  21 humans (D:14)
  Eustachio (D:6)
  7 basilisks
  10 steam dragons
  A basilisk (shapeshifter) (D:9)
  41 yaks
  2 hungry ghosts
  3 hogs (D:15)
  The ghost of IHuginn the Insei, an amateur DgTm (D:3)
  9 vampire mosquitoes
  7 wargs
  5 insubstantial wisps
  14 swamp worms
  14 water moccasins
  7 hell hounds
  A soldier ant (D:12)
  An acid dragon (D:12)
  Duvessa (D:4)
  11 porcupines
  2 swamp drakes
  2 black bears
  3 phantoms
  7 orc warriors
  3 ice beasts
  2 slaves (D:4)
  2 eyes of draining (D:12)
  6 sky beasts
  23 ogres
  5 wolves (Lair:4)
  11 centaurs
  8 crocodiles
  16 bullfrogs
  6 big kobolds
  2 wyvern skeletons
  6 scorpions
  Dowan (D:4)
  2 water moccasin skeletons (D:11)
  30 killer bees
  7 wights
  An electric eel (Lair:3)
  4 howler monkeys
  6 crimson imps
  4 lava snakes (Lair:6)
  A quasit (D:8)
  8 orc priests
  6 hounds
  2 centaur skeletons
  4 jellies
  A bullfrog skeleton (D:12)
  A bullfrog zombie (D:10)
  22 orc wizards
  Jessica (D:2)
  3 iguanas
  12 worker ants
  Terence (D:2)
  A centaur simulacrum (D:3)
  2 hound zombies
  A hound skeleton (D:4)
  4 mummies
  2 worker ant zombies
  4 gnolls (D:3)
  18 adders
  2 river rats (D:5)
  A shadow imp (D:8)
  A white imp (D:3)
  A worker ant simulacrum (D:3)
  An ooze (D:2)
  An adder skeleton (D:4)
  2 adder zombies (Ossuary)
  3 worms
  3 dart slugs
  8 leopard geckos
  61 orcs
  7 giant cockroaches
  A gnoll zombie (Ossuary)
  7 goblins
  12 hobgoblins
  11 jackals
  7 quokkas
  4 ball pythons
  8 bats
  7 frilled lizards
  4 hobgoblin zombies
  A jackal zombie (D:7)
  37 kobolds
  4 kobold zombies (Ossuary)
  A leopard gecko simulacrum (D:3)
  An orc zombie (D:4)
  7 quokka zombies
  7 rats
  3 rat zombies (Ossuary)
  A fire vortex (Orc:1)
  2 fungi
  4 plants
882 creatures vanquished.

Vanquished Creatures (others)
  An ugly thing (D:14)
  3 humans (D:15)
  8 fungi
  14 plants
  7 toadstools (D:1)
33 creatures vanquished.

Grand Total: 915 creatures vanquished

Notes
Turn   | Place    | Note
-------+----------+-------------------------------------------
     0 | D:1      | zhorgal the Minotaur Berserker began the quest for the Orb.
     0 | D:1      | Reached XP level 1. HP: 19/19 MP: 0/0
   289 | D:1      | Reached skill level 4 in Axes
   372 | D:1      | Reached XP level 2. HP: 21/26 MP: 1/1
   983 | D:2      | Noticed Terence
  1002 | D:2      | Killed Terence
  1002 | D:2      | Reached skill level 5 in Axes
  1002 | D:2      | Reached XP level 3. HP: 24/33 MP: 2/2
  1277 | D:2      | Reached ** piety under Trog
  1439 | D:2      | Reached XP level 4. HP: 40/40 MP: 3/3
  1747 | D:2      | Noticed Jessica
  1755 | D:2      | Killed Jessica
  1855 | D:2      | Found a blossoming altar of Fedhas.
  2066 | D:3      | Reached XP level 5. HP: 42/46 MP: 4/4
  2164 | D:3      | Reached skill level 6 in Axes
  2486 | D:3      | Reached *** piety under Trog
  2493 | D:3      | Found an ancient bone altar of Kikubaaqudgha.
  2497 | D:3      | Found a shadowy altar of Dithmenos.
  2498 | D:3      | Found a glowing golden altar of the Shining One.
  2512 | D:3      | Found a bloodstained altar of Trog.
  2541 | D:3      | Found a runed translucent gate.
  2543 | D:3      | Found a runed translucent gate.
  2544 | D:3      | Found a runed translucent gate.
  2570 | D:3      | Noticed IHuginn's ghost (amateur DgTm)
  2630 | D:3      | Reached XP level 6. HP: 42/53 MP: 5/5
  3143 | D:4      | Found a burning altar of Makhleb.
  3189 | D:4      | Noticed Dowan
  3201 | D:4      | Killed Dowan
  3203 | D:4      | Noticed Duvessa
  3217 | D:4      | Killed Duvessa
  3217 | D:4      | Reached skill level 5 in Fighting
  3531 | D:4      | Reached skill level 7 in Axes
  3538 | D:4      | Reached XP level 7. HP: 60/61 MP: 6/6
  3840 | D:4      | Noticed Pikel
  3864 | D:4      | Killed Pikel
  3864 | D:4      | Reached skill level 8 in Axes
  3864 | D:4      | Reached skill level 5 in Armour
  3864 | D:4      | Reached XP level 8. HP: 53/70 MP: 7/7
  3985 | D:4      | Found an iron altar of Okawaru.
  4066 | D:4      | Found a staircase to the Ecumenical Temple.
  4327 | D:5      | Entered Level 5 of the Dungeon
  4365 | D:5      | Reached skill level 5 in Dodging
  4476 | D:5      | Reached **** piety under Trog
  4710 | D:5      | Found a runed translucent door.
  4714 | D:5      | Noticed Tobisume's ghost (amateur DsGl)
  4750 | D:5      | Killed Tobisume's ghost
  4750 | D:5      | Reached skill level 9 in Axes
  4755 | D:5      | Found a runed translucent door.
  5190 | D:6      | Identified the Almanac of Boosting Flight
  5235 | D:6      | Noticed Eustachio
  5258 | D:6      | Killed Eustachio
  5323 | D:6      | Found a sand-covered staircase.
  5330 | Ossuary  | Entered an ossuary
  5617 | D:6      | Reached XP level 9. HP: 79/79 MP: 8/8
  5629 | D:5      | Found a shattered altar of Ashenzari.
  5720 | D:3      | Killed IHuginn's ghost
  5720 | D:3      | Reached skill level 10 in Axes
  6535 | D:7      | Found Ruhylaf's Antique Weapon Shop.
  6551 | D:7      | Reached skill level 11 in Axes
  6647 | D:6      | Reached ***** piety under Trog
  7318 | D:7      | Reached XP level 10. HP: 85/90 MP: 9/9
  7734 | D:8      | Noticed Prince Ribbit
  7888 | D:8      | Killed Prince Ribbit
  8126 | D:8      | Reached skill level 12 in Axes
  8393 | D:9      | Reached skill level 1 in Evocations
  8462 | D:9      | Found a staircase to the Orcish Mines.
  8588 | D:8      | Received a gift from Trog
  8691 | D:9      | Found a sacrificial altar of Ru.
  9249 | D:9      | Reached skill level 5 in Evocations
  9448 | Orc:1    | Entered Level 1 of the Orcish Mines
  9456 | Orc:1    | Noticed an orc knight
  9477 | D:9      | Killed an orc knight
  9622 | Orc:1    | Reached XP level 11. HP: 78/95 MP: 10/14
  9858 | Orc:1    | Noticed an orc sorcerer
  9869 | Orc:1    | Killed an orc sorcerer
  9869 | Orc:1    | Reached skill level 13 in Axes
  9897 | Orc:1    | Noticed Harold
  9913 | Orc:1    | Killed Harold
 10145 | Orc:1    | Noticed Nergalle
 10182 | Orc:1    | Killed Nergalle
 10556 | D:10     | Entered Level 10 of the Dungeon
 11281 | D:10     | Found a staircase to the Lair.
 11588 | D:10     | Received a gift from Trog
 12085 | Lair:1   | Entered Level 1 of the Lair of Beasts
 12202 | Lair:1   | Reached skill level 14 in Axes
 12746 | Lair:1   | Reached XP level 12. HP: 77/106 MP: 10/16
 13177 | Lair:1   | Reached skill level 10 in Fighting
 14181 | Lair:2   | You fall into a shaft and drop 1 floor!
 14181 | Lair:3   | Found a staircase to the Swamp.
 14199 | Lair:3   | Reached skill level 10 in Armour
 14457 | Lair:2   | Reached skill level 15 in Axes
 14712 | Lair:2   | Found a hole to the Spider Nest.
 16519 | Lair:3   | Found a sacrificial altar of Ru.
 17168 | Lair:4   | Received a gift from Trog
 17196 | Lair:4   | Got a fine executioner's axe {god gift}
 17197 | Lair:4   | Identified the +8 executioner's axe of Sufe {flame, *Rage
                  | Int+7} (Trog gifted it to you on level 4 of the Lair of
                  | Beasts)
 17287 | Lair:4   | Reached XP level 13. HP: 114/116 MP: 18/18
 17314 | Lair:4   | Reached skill level 16 in Axes
 18849 | Lair:6   | Entered Level 6 of the Lair of Beasts
 19547 | Lair:6   | Identified a scroll of acquirement
 19547 | Lair:6   | Acquired the ring of Moderation {rF+ rN+ SInv}
 19570 | Lair:6   | Reached skill level 17 in Axes
 20097 | Lair:6   | Found a runed translucent door.
 20098 | Lair:6   | Found a viscous altar of Jiyva.
 20098 | Lair:6   | Noticed an acid blob
 20100 | Lair:6   | Found a staircase to the Slime Pits.
 20571 | Lair:6   | Reached XP level 14. HP: 97/127 MP: 20/20
 21204 | Lair:6   | Found a large runed translucent door.
 21205 | Lair:6   | Found a large runed translucent door.
 21233 | Lair:6   | Reached skill level 10 in Evocations
 21480 | Orc:2    | Entered Level 2 of the Orcish Mines
 21561 | Orc:2    | Reached ****** piety under Trog
 21632 | Orc:2    | Found a staircase to the Elven Halls.
 21643 | Orc:2    | Received a gift from Trog
 21668 | Orc:2    | Noticed a stone giant
 22046 | Orc:2    | Found Jasmietu's Distillery.
 22127 | Orc:2    | Reached skill level 18 in Axes
 22129 | Orc:2    | Killed a stone giant
 22824 | Orc:2    | Found Aseco's Weapon Emporium.
 22825 | Orc:2    | Found Nikkoew's Magic Scroll Shoppe.
 22834 | Orc:2    | Found Faek's Distillery.
 22847 | Orc:2    | Bought a potion of heal wounds for 55 gold pieces
 22847 | Orc:2    | Bought a potion of haste for 110 gold pieces
 22847 | Orc:2    | Bought a potion of heal wounds for 55 gold pieces
 22847 | Orc:2    | Bought a potion of curing for 33 gold pieces
 22847 | Orc:2    | Bought a potion of heal wounds for 55 gold pieces
 22896 | Orc:2    | Bought a potion of cancellation for 112 gold pieces
 22896 | Orc:2    | Bought a potion of curing for 42 gold pieces
 22896 | Orc:2    | Bought a potion of might for 56 gold pieces
 22896 | Orc:2    | Bought a potion of ambrosia for 112 gold pieces
 22896 | Orc:2    | Bought a potion of invisibility for 112 gold pieces
 22896 | Orc:2    | Bought a potion of haste for 140 gold pieces
 22896 | Orc:2    | Bought a potion of curing for 42 gold pieces
 22896 | Orc:2    | Bought a potion of heal wounds for 70 gold pieces
 22896 | Orc:2    | Bought a potion of curing for 42 gold pieces
 23452 | D:11     | Received a gift from Trog
 24112 | D:11     | Identified the Disquisition on the Frostbite and Flames
 24786 | D:12     | Found a sparkling altar of Nemelex Xobeh.
 24801 | D:12     | Received a gift from Trog
 24901 | D:12     | Found Xobeacadgh's Weapon Emporium.
 24970 | D:12     | Found Meilif Mosym's Assorted Antiques.
 25105 | D:12     | Found Jafyciry's Jewellery Shoppe.
 25154 | D:12     | Reached skill level 10 in Dodging
 25800 | D:13     | Reached XP level 15. HP: 74/137 MP: 16/21
 26117 | D:13     | Noticed Maurice
 26120 | D:13     | Killed Maurice
 26167 | D:13     | Noticed Rupert
 26176 | D:13     | Killed Rupert
 26830 | D:14     | Received a gift from Trog
 27134 | D:14     | Reached skill level 19 in Axes
 27169 | D:14     | Found a gate to the Vaults.
 27523 | D:15     | Entered Level 15 of the Dungeon
 27606 | D:15     | Noticed Kirke
 27616 | D:15     | Killed Kirke
 27694 | D:15     | Received a gift from Trog
 28182 | D:15     | Noticed a fire giant
 28195 | D:15     | Killed a fire giant
 28245 | D:15     | Noticed a frost giant
 28249 | D:15     | Killed a frost giant
 28249 | D:15     | Reached skill level 15 in Fighting
 28402 | D:15     | Noticed Jorgrun
 28402 | D:15     | Noticed a fire giant
 28429 | D:15     | Killed Jorgrun
 28457 | D:15     | Killed a fire giant
 28457 | D:15     | Reached skill level 15 in Armour
 28801 | D:15     | Found a staircase to the Depths.
 28878 | D:15     | Noticed Azrael
 28891 | D:15     | Reached XP level 16. HP: 149/149 MP: 20/22
 28905 | D:15     | Killed Azrael
 29187 | D:15     | Identified the ring "Azocwat" {Wiz MR+ Int+4}
 29380 | Swamp:1  | Entered Level 1 of the Swamp
 30418 | Swamp:2  | Received a gift from Trog
 31475 | Swamp:3  | Slain by a shambling mangrove

Illustrated notes

Levels and vault maps discovered:
D:1:      nagdon_arrival_double_spiral, layout_basic, serial_bayou_ford_a
D:2:      layout_loops_ring, first_ration, fedhas_altar_4, uniq_jessica,
          uniq_terence
D:3:      layout_loops_ring, minitemple, gammafunk_ghost_icy
D:4:      layout_basic, lemuel_crystal_altar, bloody_makhleb,
          minmay_temple_entry_metal_lava, minmay_mini_ossuary, uniq_pikel,
          uniq_duvessa
D:5:      lemuel_upstairs_altar, layout_loops_ring, ebering_ghost_sewer_f,
          st_stairs_13, hangedman_abyss_or_decor_lesser_grid,
          chequers_serial_rivers_small_b
D:6:      layout_basic, chequers_ossuary_entry_cave, uniq_eustachio
D:7:      layout_loops_ring, serial_shops, nicolae_shop_trees, minivault_11
D:8:      layout_rooms, uniq_prince_ribbit1
D:9:      layout_long_grid, minmay_orc_entry_guard_dogs, basic_altar
D:10:     layout_roguey, david_lair_shrubbed, serial_co_window_serial,
          co_window_paths_a, co_window_paths_a, co_window_cross_1,
          co_window_paths_a, co_window_paths_a, co_window_corner_cb,
          co_window_paths_c, co_window_corner_ca, co_window_2corner,
          co_window_corner_cb, co_window_paths_e, glass_columns_b,
          glass_columns_b, glass_columns_c
D:11:     layout_rooms, david_nohive_1
D:12:     layout_rooms, serial_shops, shop, nicolae_shop_waterfront,
          nicolae_shop_trees, basic_altar
D:13:     layout_rooms, uniq_maurice, uniq_rupert
D:14:     layout_basic, grunt_vaults_entry_tiered, minmay_misc_feat_nine_boxes
D:15:     grunt_enter_depths_giant_problem, layout_long_grid,
          minmay_misc_feat_square, minmay_diamond_spiral, uniq_kirke,
          uniq_jorgrun, uniq_azrael
Lair:1:   layout_concentric_octagons, grunt_megastairs_4, serial_bayou_shore_b,
          serial_bayou_shore_b
Lair:2:   layout_layer_cave, nicolae_spider_entry_orb_guardian,
          bobbens_dragon_lair_wall, lemuel_fruit_tree, minmay_lair_oklob_chamber
Lair:3:   layout_gridlike, swamp_mist_pool, basic_altar
Lair:4:   layout_regular_city, chequers_serial_rivers_small_3,
          grunt_forest_small_clearing_treed
Lair:5:   layout_cave_pods
Lair:6:   cheibrodos_lair_end_hotspot, layout_regular_city, slime_altar_2
Swamp:1:  layout_basic_swamp, evilmike_swamp_ruin_house_3
Swamp:2:  layout_basic_swamp, evilmike_swamp_ruin_rubble_1
Swamp:3:  layout_falls_marsh, evilmike_swamp_ruin_rubble_2
Orc:1:    layout_caves, nicolae_orc_lava_tube, uniq_nergalle, uniq_harold
Orc:2:    st_orc_open, layout_caves

Skill      XL: |  1  2  3  4  5  6  7  8  9 10 11 12 13 14 15 16 |
---------------+-------------------------------------------------+-----
Axes           | 4 5 6 7 8 9 11 12 14 15 17 18 19 | 19.8
Fighting       | 4 5 6 7 8 9 11 12 13 15 | 15.7
Armour         | 3 4 5 6 8 9 10 12 13 15 | 15.5
Dodging        | 3 4 5 7 8 10 11 12 | 12.4
Evocations     | 5 7 8 9 10 | 10.0

Action                   |  1- 3 |  4- 6 |  7- 9 | 10-12 | 13-15 | 16-18 || total
-------------------------+-------+-------+-------+-------+-------+-------++-------
Melee: Hand axe          |    75 |    43 |       |       |       |       ||   118
       Headbutt          |    12 |    25 |    58 |   107 |   144 |    40 ||   386
       War axe           |       |   124 |   353 |   159 |       |       ||   636
       Battleaxe         |       |       |       |   502 |       |       ||   502
       Executioner's axe |       |       |       |     9 |   784 |   176 ||   969
       Unarmed           |       |       |       |       |     2 |       ||     2
Throw: Dart              |       |       |       |    26 |       |       ||    26
Invok: Berserk           |       |     1 |     3 |     2 |     4 |       ||    10
       Trog's Hand       |       |       |     2 |     5 |     2 |       ||     9
Evoke: Wand              |       |       |       |       |     1 |       ||     1
       Tin of tremorston |       |       |       |       |     1 |       ||     1
  Use: Scroll            |       |       |    17 |    11 |     5 |     2 ||    35
  Eat: Chunk             |     2 |     7 |    16 |    35 |    37 |     5 ||   102
       Ration            |       |       |       |     1 |     2 |     1 ||     4
Armor: Animal skin       |     4 |       |       |       |       |       ||     4
       Plate armour      |    39 |   127 |   200 |   457 |   521 |   123 ||  1467
Dodge: Dodged            |    30 |    65 |   151 |   365 |   480 |   101 ||  1192
